[Event "ICC tourney 2173 (45 10)"]
[Site "Internet Chess Club"]
[Date "2020.12.05"]
[Round "2"]
[White "Pathon"]
[Black "tedwpnw"]
[Result "0-1"]
[ICCResult "White checkmated"]
[WhiteElo "1406"]
[BlackElo "1225"]
[Opening "Sicilian: Pelikan (Lasker/Sveshnikov) variation"]
[ECO "B33"]
[NIC "SI.35"]
[Time "15:31:53"]
[TimeControl "2700+10"]

1. e4 c5 2. Nf3 Nc6 3. d4 cxd4 4. Nxd4 Nf6 5. Nc3 e5 6. Nf3 Bb4 7. Bd3 d5 8.
Bd2 Bxc3 9. Bxc3 dxe4 10. Nxe5 Nxe5 11. Bb5+ Bd7 12. Bxe5 Bxb5 13. Bd4 Rc8
14. c3 O-O 15. Qb3 Bc6 16. O-O-O Bd5 17. Qc2 Qa5 18. b3 Rc6 19. h4 Rfc8 20.
Kb2 Ra6 21. Ra1 Qa3+ 22. Kb1 Re8 23. Qb2 Qxb2+ 24. Kxb2 Rd6 25. Rad1 b6 26.
Bxf6 Rxf6 27. Rxd5 Rxf2+ 28. Ka3 Rxg2 29. Re1 g6 30. Rd7 e3 31. Rxa7 Rd2 32.
Ra4 e2 33. Rd4 Rxd4 34. cxd4 f5 35. Kb4 f4 36. Kc3 f3 37. Kd2 f2 38. Rxe2
f1=Q 39. Rxe8+ Kf7 40. Re3 Qa1 41. Rd3 Qxa2+ 42. Kc3 Qa1+ 43. Kb4 Qa5+ 44.
Kc4 b5+ 45. Kc5 b4+ 46. Kc4 Qa6+ 47. Kxb4 Qxd3 48. Kc5 Qc3+ 49. Kd6 Qxd4+
50. Kc6 Ke7 51. h5 gxh5 52. Kb5 h4 53. b4 h3 54. Ka5 h2 55. b5 h1=Q 56. b6
Qhd5+ 57. Ka6 Qa4# {White checkmated} 0-1

[Event "ICC tourney 2173 (45 10)"]
[Site "Internet Chess Club"]
[Date "2020.12.05"]
[Round "2"]
[White "ShanksGames"]
[Black "keshavarzip"]
[Result "1-0"]
[ICCResult "Black resigns"]
[WhiteElo "1603"]
[BlackElo "1404"]
[Opening "Sicilian: Grand Prix attack"]
[ECO "B23"]
[NIC "SI.44"]
[Time "15:31:52"]
[TimeControl "2700+10"]

1. e4 c5 2. Nc3 Nc6 3. f4 e5 4. Nf3 d6 5. Bb5 Bg4 6. O-O a6 7. Bc4 Bxf3 8.
Qxf3 Nd4 9. Qd1 h5 10. fxe5 Nh6 11. d3 Ng4 12. Bxf7+ Ke7 13. Bg5+ Nf6 14.
exf6+ Kxf7 15. fxg7+ Kxg7 16. Bxd8 Rxd8 {Black resigns} 1-0

[Event "ICC tourney 2173 (45 10)"]
[Site "Internet Chess Club"]
[Date "2020.12.05"]
[Round "2"]
[White "jayrag"]
[Black "trucker"]
[Result "1-0"]
[ICCResult "Black resigns"]
[WhiteElo "1452"]
[BlackElo "1586"]
[Opening "King's Indian: fianchetto without c4"]
[ECO "A49"]
[NIC "QP.06"]
[Time "15:31:59"]
[TimeControl "2700+10"]

1. d4 Nf6 2. Nf3 g6 3. g3 c5 4. Bg2 cxd4 5. Nxd4 Bg7 6. O-O O-O 7. c4 d6 8.
b3 Qb6 9. Bb2 Nc6 10. Nxc6 bxc6 11. Nd2 a5 12. Ne4 Nxe4 13. Bxg7 Kxg7 14.
Bxe4 Bh3 15. Bg2 Bxg2 16. Kxg2 a4 17. Qd3 Ra5 18. Qc3+ Kg8 19. b4 Re5 20. e3
Qb7 21. c5 Re4 22. a3 d5 23. Qc2 Qb5 24. Rad1 e5 25. Rfe1 h5 26. h4 Ra8 27.
Rd3 f6 28. Rc3 Kg7 29. f3 Rxe3 30. Rcxe3 d4 31. Re4 Rd8 32. Qd2 Rd5 33. f4
Qb8 34. fxe5 fxe5 35. Qg5 Qf8 36. Rxe5 Rd7 37. Re7+ {Black resigns} 1-0

[Event "ICC tourney 2173 (45 10)"]
[Site "Internet Chess Club"]
[Date "2020.12.05"]
[Round "2"]
[White "colinweitx"]
[Black "smartgoldfish"]
[Result "0-1"]
[ICCResult "White checkmated"]
[WhiteElo "1513"]
[BlackElo "1209"]
[Opening "Evans gambit: Cordel variation"]
[ECO "C51"]
[NIC "IG.05"]
[Time "15:31:50"]
[TimeControl "2700+10"]

1. e4 e5 2. Nf3 Nc6 3. Bc4 Bc5 4. b4 Bxb4 5. c3 Be7 6. d4 Na5 7. Nxe5 Nxc4
8. Nxc4 d5 9. exd5 Qxd5 10. Ne3 Qd8 11. O-O Nf6 12. Re1 O-O 13. Na3 Be6 14.
c4 c6 15. Bb2 Re8 16. Qb3 Qd7 17. Rad1 Rad8 18. Nac2 b5 19. Qc3 bxc4 20. a3
Ne4 21. Qa5 Bd6 22. f3 Nf6 23. d5 Nxd5 24. Nxc4 Bc7 25. Qd2 Qe7 26. Qf2 Qg5
27. Be5 Nf4 28. Rxd8 Rxd8 29. Bxf4 Qxf4 30. N4e3 Qxh2+ 31. Kf1 Bg3 32. Qe2
Qh1# {White checkmated} 0-1

[Event "ICC tourney 2173 (45 10)"]
[Site "Internet Chess Club"]
[Date "2020.12.05"]
[Round "2"]
[White "bsarvagnya"]
[Black "byumitchell"]
[Result "1-0"]
[ICCResult "Black resigns"]
[WhiteElo "1300"]
[BlackElo "1447"]
[Opening "Sicilian"]
[ECO "B54"]
[NIC "SI.01"]
[Time "15:32:24"]
[TimeControl "2700+10"]

1. e4 c5 2. Nf3 d6 3. d4 cxd4 4. Nxd4 Nc6 5. Nc3 e6 6. Bc4 Be7 7. Be3 Nf6 8.
h3 a6 9. a3 Nxd4 10. Bxd4 e5 11. Be3 Qc7 12. Bb3 h6 13. Qd3 b5 14. Nd5 Nxd5
15. Qxd5 Bb7 16. Qxf7+ Kd8 17. Qxg7 Rf8 18. Rd1 d5 19. Bxd5 Bb4+ 20. axb4
Qxg7 21. Bxb7+ Ke8 22. Bc6+ Kf7 23. Rd7+ {Black resigns} 1-0

[Event "ICC tourney 2173 (45 10)"]
[Site "Internet Chess Club"]
[Date "2020.12.05"]
[Round "2"]
[White "wuchenrex"]
[Black "nnrs"]
[Result "0-1"]
[ICCResult "White checkmated"]
[WhiteElo "1224"]
[BlackElo "1564"]
[Opening "Sicilian: closed"]
[ECO "B23"]
[NIC "SI.44"]
[Time "15:31:50"]
[TimeControl "2700+10"]

1. e4 c5 2. Nc3 e6 3. d3 Nc6 4. g3 Nf6 5. Bg2 Be7 6. Be3 d5 7. Nce2 b5 8. a3
Ng4 9. Bd2 a6 10. h3 Nf6 11. c3 Ne5 12. Qc2 dxe4 13. dxe4 Nd3+ 14. Kf1 Bb7
15. e5 Bxg2+ 16. Kxg2 Qd5+ 17. f3 Nxe5 18. Nf4 Qd7 19. Nge2 Rd8 20. Rad1 Qc6
21. Rhf1 O-O 22. b3 Rd7 23. Rf2 Rfd8 24. Ng1 h6 25. h4 Bf8 26. Ngh3 Nfg4 27.
Rff1 Rxd2+ 28. Rxd2 Ne3+ 29. Kh2 Rxd2+ 30. Qxd2 Nxf1+ 31. Kg2 Qxf3+ 32. Kg1
Nxd2 33. Ng2 Qf1+ 34. Kh2 Ng4# {White checkmated} 0-1

[Event "ICC tourney 2173 (45 10)"]
[Site "Internet Chess Club"]
[Date "2020.12.05"]
[Round "2"]
[White "akshajp"]
[Black "Paladin51"]
[Result "0-1"]
[ICCResult "White resigns"]
[WhiteElo "1395"]
[BlackElo "1598"]
[Opening "Dutch"]
[ECO "A80"]
[NIC "HD.12"]
[Time "15:31:50"]
[TimeControl "2700+10"]

1. d4 f5 2. Nc3 Nf6 3. Bf4 e6 4. Nf3 d5 5. e3 Bd6 6. Bxd6 Qxd6 7. Ne5 O-O 8.
Be2 c5 9. O-O c4 10. f3 Bd7 11. e4 fxe4 12. fxe4 a6 13. Nxc4 dxc4 14. e5 Qb4
15. exf6 Rxf6 16. Rxf6 gxf6 17. Ne4 f5 18. Nf6+ Kg7 19. Nxd7 Nxd7 20. Rb1
Nf6 21. c3 Qd6 22. Bf3 Rb8 23. Qe2 b5 24. Re1 Re8 25. Kh1 Nd5 26. Bxd5 Qxd5
27. Qh5 Rg8 28. Re3 Kh8 29. Qe2 Rg6 30. Re5 Qc6 31. d5 exd5 32. Re8+ Kg7 33.
Qe7+ Kh6 34. Qh4+ Kg7 35. Re7+ Kf8 36. Qxh7 Qf6 37. Ra7 Qg7 38. Rf7+
{White resigns}
0-1

[Event "ICC tourney 2173 (45 10)"]
[Site "Internet Chess Club"]
[Date "2020.12.05"]
[Round "2"]
[White "dangdang2000"]
[Black "wildrumpus"]
[Result "0-1"]
[ICCResult "White checkmated"]
[WhiteElo "1319"]
[BlackElo "1542"]
[Opening "Caro-Kann: Bronstein-Larsen variation"]
[ECO "B16"]
[NIC "CK.07"]
[Time "15:32:11"]
[TimeControl "2700+10"]

1. e4 c6 2. d4 d5 3. Nd2 dxe4 4. Nxe4 Nf6 5. Nxf6+ gxf6 6. Bc4 Bf5 7. c3 e6
8. Nf3 Rg8 9. Rg1 Bd6 10. h3 Qc7 11. Be3 Nd7 12. Qd2 O-O-O 13. g4 Bg6 14.
Bd3 Nb6 15. O-O-O Nd5 16. Rge1 Nf4 17. Bxg6 hxg6 18. h4 Rh8 19. Rh1 Rh7 20.
Rh2 Nd3+ 21. Qxd3 Bxh2 22. h5 Rg8 23. Kb1 Bf4 24. Re1 Bxe3 25. Re2 Bf4 26.
Re4 f5 27. hxg6 Rh1+ 28. Re1 Rxe1+ 29. Nxe1 fxg6 30. Qc4 Re8 31. gxf5 exf5
32. Nd3 Bd6 33. a3 Qe7 34. d5 Qe4 35. b3 Qxc4 36. bxc4 Bxa3 37. c5 Re2 38.
d6 Kd7 39. Nf4 Rxf2 40. Nxg6 Bxc5 41. Ne5+ Kxd6 42. Nd3 Rh2 43. Kc1 Be3+ 44.
Kd1 Rd2+ 45. Ke1 Rxd3 46. Ke2 Rxc3 47. Kf3 f4 48. Ke2 b5 49. Ke1 Rc2 50. Kd1
Rd2+ 51. Ke1 b4 52. Kf1 b3 53. Ke1 b2 54. Kf1 b1=R# {White checkmated} 0-1

[Event "ICC tourney 2173 (45 10)"]
[Site "Internet Chess Club"]
[Date "2020.12.05"]
[Round "2"]
[White "chessorca"]
[Black "ChalsparoV"]
[Result "0-1"]
[ICCResult "White checkmated"]
[WhiteElo "1343"]
[BlackElo "1577"]
[Opening "Caro-Kann: advance variation"]
[ECO "B12"]
[NIC "CK.02"]
[Time "15:31:50"]
[TimeControl "2700+10"]

1. e4 c6 2. d4 d5 3. e5 c5 4. c3 Nc6 5. Nf3 Bg4 6. Bf4 e6 7. h3 Bxf3 8. Qxf3
cxd4 9. Bb5 Qb6 10. Qd3 dxc3 11. Nxc3 a6 12. Bxc6+ bxc6 13. O-O c5 14. Rfd1
c4 15. Qc2 Ne7 16. b3 Rc8 17. Rab1 Ng6 18. Be3 Qc6 19. Bd4 Bc5 20. bxc4 Bxd4
21. Rxd4 O-O 22. f4 Qc5 23. Qf2 Qa5 24. Rc1 Rc7 25. Qe3 Rfc8 26. f5 Ne7 27.
f6 Nf5 28. Qg5 Qb6 29. Rd1 Rxc4 30. Nxd5 Rxd4 31. Nxb6 Rxd1+ 32. Kh2 Rcc1
33. g4 Rc2+ 34. Qd2 Rcxd2# {White checkmated} 0-1

[Event "ICC tourney 2173 (45 10)"]
[Site "Internet Chess Club"]
[Date "2020.12.05"]
[Round "2"]
[White "AbleCompany"]
[Black "coolkidh"]
[Result "1-0"]
[ICCResult "Black resigns"]
[WhiteElo "1561"]
[BlackElo "1114"]
[Opening "QGD Slav: 3.Nf3"]
[ECO "D11"]
[NIC "SL.01"]
[Time "15:31:51"]
[TimeControl "2700+10"]

1. d4 d5 2. c4 c6 3. Nf3 dxc4 4. e3 b5 5. a4 Nf6 6. axb5 cxb5 7. b3 Qc7 8.
bxc4 bxc4 9. Qa4+ Bd7 10. Qxc4 Qxc4 11. Bxc4 e6 12. Ne5 Bd6 13. O-O O-O 14.
Ba3 Bxa3 15. Rxa3 a5 16. Nd2 a4 17. Nxd7 Nbxd7 18. Rfa1 Nb6 19. Bb5 Ra5 20.
Bd3 g6 21. Rb1 Nbd7 22. Rb4 Rfa8 23. e4 e5 24. d5 Nc5 25. Bc2 R5a6 26. f3
Nfd7 27. Nc4 Kg7 28. Rb5 Rc8 29. Rb4 Rca8 30. Nb2 h5 31. Nxa4 Nxa4 32. Rbxa4
Rxa4 33. Rxa4 Rc8 34. Ra7 Rxc2 35. Rxd7 Rd2 36. Re7 Kf6 37. Re8 Rd4 38. h4
Rd2 39. Kh2 Rd3 40. Kg3 Re3 41. Kf2 Rd3 42. Ke2 Rd4 43. Rc8 Ke7 44. Rc7+ Kf6
45. Rc1 Ke7 46. Ke3 Kf6 47. f4 Ra4 48. Rc6+ Ke7 49. fxe5 Ra7 50. Kf4 Rd7 51.
e6 fxe6 52. Rxe6+ Kf7 53. Ke5 Rc7 54. Rc6 Re7+ 55. Kd4 Rb7 56. e5 Rb4+ 57.
Kc5 Re4 58. Rc7+ Ke8 59. Kd6 Re2 60. e6 Kf8 61. Rf7+ Kg8 62. Rc7 Kf8 63.
Rc8+ Kg7 64. e7 Kf7 65. Rf8+ Kg7 66. e8=Q Rxe8 67. Rxe8 Kf7 68. Re7+ Kf6 69.
Kd7 g5 70. hxg5+ Kxg5 71. d6 h4 72. Ke6 h3 73. gxh3 Kg6 74. d7 {Black
resigns} 1-0

[Event "ICC tourney 2173 (45 10)"]
[Site "Internet Chess Club"]
[Date "2020.12.05"]
[Round "2"]
[White "Hamlett144"]
[Black "SunnyCountry"]
[Result "1/2-1/2"]
[ICCResult "Game drawn by mutual agreement"]
[WhiteElo "1514"]
[BlackElo "1342"]
[Opening "Sicilian: closed"]
[ECO "B23"]
[NIC "SI.44"]
[Time "15:32:44"]
[TimeControl "2700+10"]

1. e4 c5 2. Nc3 e6 3. Nf3 Nc6 4. Bb5 a6 5. Bxc6 bxc6 6. O-O Nf6 7. d3 Be7 8.
e5 Nd5 9. Ne4 O-O 10. g4 f6 11. g5 fxe5 12. Nxe5 Bb7 13. g6 h6 14. Qh5 Bf6
15. Ng4 Qe7 16. Bxh6 e5 17. Bg5 Rfc8 18. Bxf6 Nxf6 19. Ngxf6+ gxf6 20. Qh6
f5 21. Ng5 Qg7 22. Qh5 d5 23. Ne6 Qe7 24. Ng5 Qg7 25. Nf7 Rc7 26. Nh6+ Kf8
27. Qxf5+ Ke8 28. Nf7 Bc8 29. Nd6+ Kd8 30. Qg5+ Qe7 31. Qxe7+ Rxe7 32. Rfe1
Rg7 33. Nf7+ Kc7 34. Nxe5 Bf5 35. Kf1 Bxg6 36. Nxg6 Rxg6 37. Re7+ Kd6 38.
Rae1 Rag8 39. R7e3 Rg1+ 40. Ke2 Rxe1+ 41. Kxe1 Rg1+ 42. Ke2 Rb1 43. f4 Rxb2
44. Kd2 Rxa2 45. f5 Rb2 46. Re6+ Kd7 47. Kc3 Rb8 48. Rh6 a5 49. f6 a4 50. h4
a3 51. Rh7+ Kd6 52. f7 d4+ 53. Kd2 Ra8 54. f8=Q+ Rxf8 55. Ra7 Rh8 56. Rxa3
Rxh4 57. Kc1 Rh2 58. Kb2 Kd5 59. Ra4 Rh8 60. Ra7 Rb8+ 61. Ka3 Rb1 62. Ka2
Rb5 63. Rd7+ Ke6 64. Rh7 Ke5 65. Rh6 Rb6 66. Rh5+ Kd6 67. Rh6+ Ke7 68. Rh5
Rb5 69. Ka3 Kd7 70. Rh6 Kc7 71. Re6 Kb6 72. Re7 Ra5+ 73. Kb2 Kb5 74. Rb7+
Ka6 75. Rc7 Kb6 76. Rc8 Ra4 77. Kb3 Rb4+ 78. Ka3 Kb7 79. Rf8 Rb1 80. Ka2
{Game drawn by mutual agreement}
1/2-1/2

[Event "ICC tourney 2173 (45 10)"]
[Site "Internet Chess Club"]
[Date "2020.12.05"]
[Round "2"]
[White "hi987"]
[Black "Davide25"]
[Result "1/2-1/2"]
[ICCResult "Game drawn by mutual agreement"]
[WhiteElo "1552"]
[BlackElo "1391"]
[Opening "Caro-Kann: Steinitz variation"]
[ECO "B17"]
[NIC "CK.08"]
[Time "15:32:02"]
[TimeControl "2700+10"]

1. e4 c6 2. d4 d5 3. Nc3 dxe4 4. Nxe4 Nd7 5. Nf3 Ngf6 6. Ng3 e6 7. Bf4 Be7
8. Qd2 O-O 9. Bd3 c5 10. c3 cxd4 11. cxd4 Nb6 12. O-O Nbd5 13. Bg5 Qb6 14.
Rac1 Bd7 15. Rfe1 Bb4 16. Qe2 Bxe1 17. Rxe1 Rac8 18. Ne4 Nxe4 19. Qxe4 g6
20. Bh6 Rfd8 21. Ng5 Qd6 22. Qh4 Qf4 23. Qh3 e5 24. Qf3 Qxf3 25. Nxf3 exd4
26. Nxd4 Re8 27. Rd1 Bc6 28. Nf3 Nb4 29. Bb1 Bxf3 30. gxf3 Nc6 31. Be4 Rcd8
32. Rc1 Re6 33. Kg2 a5 34. Rc5 Re5 35. Rxe5 Nxe5 36. Bxb7 Rb8 37. Bf4 f6 38.
Bd5+ Kg7 39. b3 Rd8 40. Be4 g5 41. Be3 Rb8 42. Bd4 h5 43. Bc3 Rb5 44. Bd4
Kf8 45. Bc2 Rb8 46. Be4 Kf7 47. Bd5+ Kg7 48. Be4 Kf7 49. Bd5+ Ke7 50. Be4
Ke6 51. Bc5 f5 52. Bb1 Kd5 53. Be7 Rg8 54. Bxf5 g4
{Game drawn by mutual agreement}
1/2-1/2

[Event "ICC tourney 2173 (45 10)"]
[Site "Internet Chess Club"]
[Date "2020.12.05"]
[Round "3"]
[White "trucker"]
[Black "aChessRookie"]
[Result "1-0"]
[ICCResult "Black resigns"]
[WhiteElo "1613"]
[BlackElo "1199"]
[Opening "Ruy Lopez: 5.O-O"]
[ECO "C78"]
[NIC "RL.12"]
[Time "18:02:12"]
[TimeControl "2700+10"]

1. e4 e5 2. Nf3 Nc6 3. Bb5 a6 4. Ba4 Nf6 5. O-O b5 6. Bb3 Bc5 7. c3 d6 8. d4
Bb6 9. h3 O-O 10. Re1 h6 11. a4 Rb8 12. axb5 axb5 13. Qd3 Bd7 14. Nbd2 Ne7
15. dxe5 dxe5 16. Nxe5 Bc8 17. Qxd8 Rxd8 18. Nxf7 Rf8 19. e5 Nfd5 20. e6 c5
21. Nf3 c4 22. Bc2 Bb7 23. N7e5 Rbd8 24. Nd7 Rfe8 25. Nxb6 Nxb6 26. Nd4 b4
27. Bf4 Nbd5 28. Bd2 bxc3 29. bxc3 Nc6 30. Nxc6 Bxc6 31. Ra7 Rd6 32. Bg6 Re7
33. Bf7+ Kh7 34. Rxe7 Nxe7 35. Bf4 Rd3 36. Be5 Ng6 37. Bd4 Ne7 38. Bc5
{Black resigns}
1-0

[Event "ICC tourney 2173 (45 10)"]
[Site "Internet Chess Club"]
[Date "2020.12.05"]
[Round "3"]
[White "M6northrup"]
[Black "dangdang2000"]
[Result "1-0"]
[ICCResult "Black checkmated"]
[WhiteElo "1626"]
[BlackElo "1321"]
[Opening "Giuoco Piano"]
[ECO "C50"]
[NIC "IG.02"]
[Time "18:02:18"]
[TimeControl "2700+10"]

1. e4 e5 2. Nf3 Nc6 3. Bc4 Bc5 4. O-O Nf6 5. c3 d6 6. d4 exd4 7. cxd4 Bb6 8.
h3 h6 9. Re1 O-O 10. Nc3 Re8 11. a3 Bd7 12. b4 a6 13. Qb3 Re7 14. e5 Nxd4
15. Nxd4 Bxd4 16. Be3 Bxe5 17. f4 Bxc3 18. Qxc3 b5 19. Bd3 Nd5 20. Qd4 Nxe3
21. Rxe3 Rxe3 22. Qxe3 Qf6 23. Re1 Re8 24. Qxe8+ Bxe8 25. Rxe8#
{Black checkmated}
1-0

[Event "ICC tourney 2173 (45 10)"]
[Site "Internet Chess Club"]
[Date "2020.12.05"]
[Round "3"]
[White "coolkidh"]
[Black "Pathon"]
[Result "0-1"]
[ICCResult "White resigns"]
[WhiteElo "1109"]
[BlackElo "1559"]
[Opening "QGD: Semi-Tarrasch defense, Pillsbury variation"]
[ECO "D40"]
[NIC "TD.05"]
[Time "18:02:20"]
[TimeControl "2700+10"]

1. d4 d5 2. c4 e6 3. Nc3 Nf6 4. Nf3 c5 5. Bg5 dxc4 6. e4 Be7 7. Bxc4 cxd4 8.
Nxd4 Nbd7 9. O-O O-O 10. Be3 a6 11. Nf3 b5 12. Bb3 Bb7 13. Bc2 Rc8 14. Nd2
Qc7 15. Bd3 Nc5 16. Bxc5 Bxc5 17. Re1 Rfd8 18. Bb1 Qf4 19. Re2 Ng4 20. g3
Qh6 21. h4 Nxf2 22. Rxf2 Bxf2+ {White resigns} 0-1

[Event "ICC tourney 2173 (45 10)"]
[Site "Internet Chess Club"]
[Date "2020.12.05"]
[Round "3"]
[White "Leowang"]
[Black "wuchenrex"]
[Result "1-0"]
[ICCResult "Black checkmated"]
[WhiteElo "1108"]
[BlackElo "1152"]
[Opening "QGD: 4.Bg5"]
[ECO "D50"]
[NIC "QO.16"]
[Time "18:02:10"]
[TimeControl "2700+10"]

1. d4 d5 2. c4 e6 3. Nc3 Nf6 4. Bg5 Nc6 5. Nf3 h6 6. Bh4 Bd7 7. e3 Bb4 8.
Bd3 dxc4 9. Bxc4 Ne4 10. Bxd8 Nxc3 11. bxc3 Bxc3+ 12. Ke2 Bxa1 13. Qxa1 Rxd8
14. Rd1 O-O 15. Kf1 Na5 16. Be2 Ba4 17. Rc1 c6 18. Qb2 Bb5 19. Bxb5 cxb5 20.
Qxb5 Nc6 21. Qxb7 Na5 22. Qxa7 Ra8 23. Qc5 Nb7 24. Qb4 Rfb8 25. Qd2 Nd6 26.
Ne5 Ne4 27. Qc2 Nf6 28. Qc7 Rf8 29. Nd7 Nxd7 30. Qxd7 Kh7 31. Qb7 Rab8 32.
Qe4+ Kh8 33. Qc2 Kg8 34. g3 Kh8 35. Kg2 Kg8 36. Qd2 Ra8 37. Rc2 Kh8 38. e4
Kg8 39. Qd1 Rad8 40. d5 exd5 41. exd5 Rfe8 42. d6 Kf8 43. Rd2 Re7 44. dxe7+
Kxe7 45. Rxd8 f6 46. Qd7# {Black checkmated} 1-0

[Event "ICC tourney 2173 (45 10)"]
[Site "Internet Chess Club"]
[Date "2020.12.05"]
[Round "3"]
[White "Hamlett144"]
[Black "ElijahL2020"]
[Result "1-0"]
[ICCResult "Black checkmated"]
[WhiteElo "1535"]
[BlackElo "1305"]
[Opening "Evans gambit"]
[ECO "C51"]
[NIC "IG.05"]
[Time "18:02:14"]
[TimeControl "2700+10"]

1. e4 e5 2. Nf3 Nc6 3. Bc4 Bc5 4. b4 Bxb4 5. c3 Bc5 6. d4 exd4 7. cxd4 Bb4+
8. Bd2 Bxd2+ 9. Qxd2 Nge7 10. d5 Nb8 11. O-O d6 12. Nc3 c6 13. Rab1 Nd7 14.
dxc6 Nb6 15. Bb3 bxc6 16. Rfe1 O-O 17. Nd4 Bb7 18. Bd1 Ng6 19. Nf5 Nc4 20.
Qd4 Ba6 21. Qxg7# {Black checkmated} 1-0

[Event "ICC tourney 2173 (45 10)"]
[Site "Internet Chess Club"]
[Date "2020.12.05"]
[Round "3"]
[White "SunnyCountry"]
[Black "akshajp"]
[Result "1/2-1/2"]
[ICCResult "Game drawn by mutual agreement"]
[WhiteElo "1339"]
[BlackElo "1400"]
[Opening "Sicilian: Labourdonnais-Löwenthal variation"]
[ECO "B32"]
[NIC "SI.32"]
[Time "18:02:09"]
[TimeControl "2700+10"]

1. e4 c5 2. Nf3 Nc6 3. d4 cxd4 4. Nxd4 e5 5. Nf3 Nf6 6. Nc3 Bc5 7. Bc4 h6 8.
O-O O-O 9. a3 Re8 10. h3 Nd4 11. b4 Nxf3+ 12. Qxf3 Bd4 13. Bb2 d6 14. Rfe1
Be6 15. Bxe6 Rxe6 16. Na4 Bxb2 17. Nxb2 Rc8 18. c4 Nd7 19. Rad1 Qe7 20. Rd2
Nb6 21. Rc1 Qg5 22. Rdd1 Rf6 23. Qe2 Rg6 24. f3 f5 25. exf5 Qxf5 26. Kh1 Re8
27. c5 dxc5 28. Rxc5 Nd7 29. Rcd5 Nf6 30. Rd8 Kh7 31. Rxe8 Nxe8 32. Rd5 Qf4
33. Rxe5 Nf6 34. Nd3 Qd4 35. Kh2 Nd7 36. Re4 Qd6+ 37. f4 Qa6 38. Ne5 Nxe5
39. Qxa6 Rxa6 40. fxe5 Kg6 41. Re3 Re6 42. Kg3 Kf5 43. Kf3 Rxe5 44. g4+ Kf6
45. Rxe5 Kxe5 46. Ke3 g5 47. a4 a6 48. a5 Kd5 49. Kd3 Kc6 50. Kc4 b6 51.
axb6 Kxb6 52. Kb3 Kc6 53. Kc4 Kb6 54. Kb3 Kb5 55. Kc3 Kc6 56. Kc4 Kd6 57.
Kd4 Kc6 58. Kc4 Kd6 59. Kd4 Kc6 60. Kc4 Kb6 61. Kc3 Kb5 62. Kb3 Kc6 63. Ka4
Kb6 64. Kb3 Kb5 65. Ka3 a5 66. bxa5 Kxa5 67. Kb3 Kb5 68. Kc3 Kc5 69. Kd3 Kd5
70. Ke3 Ke5 71. Kf3 Kd4 72. Kg3 Ke3 73. h4 Ke2 74. Kh3 Kf3 75. hxg5 hxg5 76.
Kh2 Kxg4 77. Kg2 Kf4 78. Kf2 g4 79. Kg2 g3 80. Kg1 Kf3 81. Kf1 Kg4 82. Kg2
Kh4 83. Kg1 Kh3 84. Kh1 Kg4 {Game drawn by mutual agreement} 1/2-1/2

[Event "ICC tourney 2173 (45 10)"]
[Site "Internet Chess Club"]
[Date "2020.12.05"]
[Round "3"]
[White "byumitchell"]
[Black "Mannansh"]
[Result "0-1"]
[ICCResult "White resigns"]
[WhiteElo "1446"]
[BlackElo "1282"]
[Opening "Scandinavian defense"]
[ECO "B01"]
[NIC "SD.03"]
[Time "18:03:01"]
[TimeControl "2700+10"]

1. e4 d5 2. exd5 Nf6 3. Nc3 Nxd5 4. Nxd5 Qxd5 5. Nf3 e5 6. c4 Qa5 7. Be2 Nc6
8. O-O Bg4 9. h3 Bh5 10. b3 O-O-O 11. Re1 Bb4 12. Qc2 Bxf3 13. Qf5+ Kb8 14.
Bxf3 f6 15. Bxc6 bxc6 16. Rd1 Bc3 17. Rb1 Qxa2 18. d4 g6 19. Qf3 Qxb1 20.
Qxc3 Rxd4 21. Qb4+ Kc8 22. Rf1 Rhd8 23. Qe7 Rd1 24. Qe6+ Kb7 25. Rxd1 Rxd1+
26. Kh2 Qxc1 27. g3 {White resigns} 0-1

[Event "ICC tourney 2173 (45 10)"]
[Site "Internet Chess Club"]
[Date "2020.12.05"]
[Round "3"]
[White "Eagle2020"]
[Black "smartgoldfish"]
[Result "1-0"]
[ICCResult "Black checkmated"]
[WhiteElo "1509"]
[BlackElo "1177"]
[Opening "Giuoco Piano: Möller (Therkatz) attack"]
[ECO "C54"]
[NIC "IG.02"]
[Time "18:02:07"]
[TimeControl "2700+10"]

1. e4 e5 2. Nf3 Nc6 3. Bc4 Bc5 4. c3 Nf6 5. d4 exd4 6. cxd4 Bb4+ 7. Nc3 Nxe4
8. O-O Bxc3 9. d5 Nd6 10. bxc3 Ne7 11. Bb3 O-O 12. c4 h6 13. c5 Ne4 14. Qd4
Nf6 15. Bxh6 Nf5 16. Qd3 Nxh6 17. d6 b6 18. Rfe1 bxc5 19. Re7 cxd6 20. Rae1
Nhg4 21. Qxd6 Qb6 22. Bxf7+ Rxf7 23. Re8+ Kh7 24. Ng5+ Kg6 25. Qd3+ Kxg5 26.
f4+ Kxf4 27. g3+ Kg5 28. h4+ Kh5 29. Qf5+ Kh6 30. Rh8+ Nh7 31. Qxh7#
{Black checkmated}
1-0

[Event "ICC tourney 2173 (45 10)"]
[Site "Internet Chess Club"]
[Date "2020.12.05"]
[Round "3"]
[White "hartej"]
[Black "hi987"]
[Result "1-0"]
[ICCResult "Black checkmated"]
[WhiteElo "1527"]
[BlackElo "1524"]
[Opening "Sicilian"]
[ECO "B55"]
[NIC "SI.01"]
[Time "18:02:12"]
[TimeControl "2700+10"]

1. e4 c5 2. Nf3 d6 3. d4 cxd4 4. Nxd4 Nf6 5. Bd3 g6 6. Nc3 Bg7 7. Nf3 O-O 8.
O-O Nc6 9. Be3 Be6 10. h3 Rc8 11. Qd2 Re8 12. Rad1 a6 13. Nh2 Ne5 14. f4 Nc4
15. Bxc4 Rxc4 16. e5 Ne4 17. Nxe4 Rxe4 18. Bf2 d5 19. c3 Bh6 20. Bd4 Qc7 21.
Kh1 Rc8 22. Rf2 f6 23. Re1 fxe5 24. Rxe4 dxe4 25. Bxe5 Qa5 26. a3 Rd8 27.
Qe2 Qd5 28. Bd4 Qc6 29. Nf1 Bc4 30. Qe1 Bxf1 31. Rxf1 Bg7 32. Bxg7 Kxg7 33.
Qe2 Qd5 34. Re1 Rd7 35. Qxe4 Qd2 36. Qe5+ Kf7 37. Re2 Qd3 38. Qe6+ Kg7 39.
Qe4 Qd1+ 40. Kh2 Qb3 41. Qe6 Qxe6 42. Rxe6 Kf7 43. Rb6 e6 44. Kg3 Kf6 45.
Kf3 Kf5 46. g4+ Kf6 47. Ke4 h6 48. h4 Re7 49. f5 gxf5+ 50. gxf5 h5 51. Rxe6+
Rxe6+ 52. fxe6 Kxe6 53. a4 a5 54. b4 axb4 55. cxb4 Kd6 56. Kd4 b6 57. a5
bxa5 58. bxa5 Kc6 59. Ke5 Kb5 60. Kf5 Kxa5 61. Kg5 Kb6 62. Kxh5 Kc6 63. Kg6
Kd7 64. h5 Ke7 65. Kg7 Ke6 66. h6 Kd5 67. h7 Kc4 68. h8=Q Kb3 69. Qc8 Kb2
70. Kf6 Ka2 71. Qb7 Ka1 72. Ke5 Ka2 73. Kd4 Ka1 74. Kc3 Ka2 75. Qb2#
{Black checkmated}
1-0

[Event "ICC tourney 2173 (45 10)"]
[Site "Internet Chess Club"]
[Date "2020.12.05"]
[Round "3"]
[White "wildrumpus"]
[Black "bsarvagnya"]
[Result "0-1"]
[ICCResult "White checkmated"]
[WhiteElo "1509"]
[BlackElo "1302"]
[Opening "Queen's pawn game"]
[ECO "D00"]
[NIC "QP.08"]
[Time "18:02:35"]
[TimeControl "2700+10"]

1. d4 d5 2. e3 e6 3. Bd3 Nc6 4. f4 Nf6 5. Nd2 Bd6 6. Ngf3 Bd7 7. O-O Ng4 8.
Qe2 O-O 9. Bxh7+ Kxh7 10. Ng5+ Kg8 11. Qxg4 Qf6 12. Ndf3 Qh6 13. Ne5 Nxe5
14. fxe5 Be7 15. e4 Qg6 16. h4 Bxg5 17. Bxg5 f6 18. exf6 gxf6 19. Qf4 fxg5
20. Qxc7 Bc6 21. e5 gxh4 22. Rae1 h3 23. Re2 Rxf1+ 24. Kxf1 Bb5 25. gxh3
Bxe2+ 26. Kxe2 Qg2+ 27. Kd3 Qxh3+ 28. Kd2 Qg2+ 29. Kc3 Qg3+ 30. Kb4 a5+ 31.
Ka4 Qg7 32. Qb6 Qd7+ 33. Ka3 Ra6 34. Qb3 a4 35. Qg3+ Kf8 36. Qf4+ Ke8 37.
Qg5 Qe7+ 38. Qxe7+ Kxe7 39. c3 Kd7 40. Kb4 Kc6 41. Ka3 Kb5 42. b3 axb3+ 43.
Kxb3 b6 44. a3 Ra4 45. Kb2 Kc4 46. Ka2 Kxc3 47. Kb1 Kxd4 48. Kb2 Kxe5 49.
Kb3 Rc4 50. a4 Kd6 51. Ka3 Kc5 52. Kb3 e5 53. Ka3 e4 54. Kb3 e3 55. Ka3 e2
56. a5 e1=Q 57. axb6 Qa5+ 58. Kb2 Qxb6+ 59. Ka3 Ra4+ 60. Kxa4 Qb4#
{White checkmated}
0-1